 Dungeon Crawl Stone Soup version 0.28.0-53-g5a82cb258f (webtiles) character file.

Game seed: 13019569519445889338

119 jiml777 the Gusty (level 4, -1/24 HPs)
             Began as a Deep Elf Air Elementalist on June 15, 2022.
             Was a High Priest of Ignis.
             Slain by an orc
             ... wielding a +0 trident
              (4 damage)
             ... on level 3 of the Dungeon.
             The game lasted 00:12:25 (2168 turns).

jiml777 the Gusty (Deep Elf Air Elementalist)       Turns: 2168, Time: 00:12:25

Health: -1/24      AC:  3    Str:  5    XL:     4   Next: 73%
Magic:  11/11      EV: 13    Int: 22    God:    Ignis [*****.]
Gold:   202        SH:  0    Dex: 15    Spells: 9/10 levels left

rFire   + . .      SeeInvis .   h - +7 Singing Sword {vorpal, sonic wave}
rCold   . . .      Faith    .   (no shield)
rNeg    . . .      Spirit   .   a - +0 robe
rPois   .          Reflect  .   e - +0 helmet
rElec   .          Harm     .   (no cloak)
rCorr   .          Rampage  .   (no gloves)
Will    .....                   (no boots)
Stlth   ++........              (no amulet)
HPRegen 0.08/turn               (no ring)
MPRegen 0.12/turn               (no ring)

@: no status effects
A: no striking features
a: Renounce Religion, Fiery Armour, Foxfire Swarm, Rising Flame


You were on level 3 of the Dungeon.
You worshipped Ignis.
Ignis was extremely pleased with you.
You visited 1 branch of the dungeon, and saw 3 of its levels.

You collected 202 gold pieces.

Inventory:

Hand Weapons
 b - a +0 dagger
 h - the +7 Singing Sword (weapon) {vorpal, sonic wave}
   (You found it on level 2 of the Dungeon)

   It inflicts extra damage upon your enemies.
   It radiates damaging sonic waves as it strikes, especially in combat
   involving dangerous or numerous foes.
Missiles
 c - 47 stones
 j - 4 poisoned darts
Armour
 a - a +0 robe (worn)
 e - a +0 helmet (worn)
Scrolls
 f - a scroll of vulnerability
 k - 2 scrolls of teleportation
Potions
 g - a potion of cancellation


   Skills:
 * Level 0.6 Fighting
 * Level 1.1 Long Blades
 + Level 2.8 Dodging
 + Level 2.7 Stealth
 + Level 3.7 Spellcasting
 + Level 2.2 Conjurations
 + Level 4.1 Air Magic


You had 9 spell levels left.
You knew the following spells:

 Your Spells              Type           Power      Damage    Failure   Level
a - Shock                 Conj/Air       72%        1d7       3%          1

Your spell library contained the following spells:

 Spells                   Type           Power      Damage    Failure   Level
 Static Discharge         Conj/Air       18%        N/A       4%          2
 Swiftness                Air            22%        N/A       6%          3
 Airstrike                Air            11%        N/A       22%         4
 Animate Dead             Necr           2%         N/A       75%         4
 Borgnjor's Vile Clutch   Necr/Erth      2%         N/A       97%         5
 Death Channel            Necr           2%         N/A       100%        6


Dungeon Overview and Level Annotations

Branches:
Dungeon (3/15)

Altars:
Dithmenos
Gozag
Ignis


Message History

The orc priest mumbles some strange prayers to Beogh against you.
Pain shoots through your body!
The orc priest hits you but does no damage.
Things that are here:
a +0 hand axe; a +0 leather armour You slash the orc priest!
The orc priest is almost dead.
The orc barely misses you.
The orc priest miscasts a cantrip.
You closely miss the orc priest.
The orc priest is almost dead.
The orc hits you but does no damage. The orc priest closely misses you.
The orc hits you from afar with a +0 trident.
The orc priest invokes the aid of Beogh against you.
Pain shoots through your body!
* * * LOW HITPOINT WARNING * * *
You are confused.
You feel invigorated. The orc closely misses you.
The orc priest hits you with a +0 dagger.
The orc priest invokes the aid of Beogh against you.
Beogh smites you!
* * * LOW HITPOINT WARNING * * *
Unknown command.
The orc priest begins to cast a cantrip, but forgets the words!
The orc hits you from afar with a +0 trident.
The orc priest begins to cast a cantrip, but forgets the words!
You feel less invigorated.
You feel less confused.
The orc hits you from afar with a +0 trident.
The orc priest hits you with a +0 dagger.
You hit the orc priest.
You kill the orc priest!
The orc closely misses you.
Your Long Blades skill increases to level 1!
The orc hits you with a +0 trident.
* * * LOW HITPOINT WARNING * * *
Items here: )) [ †.
You closely miss the orc. The orc barely misses you. The orc misses you.
You closely miss the orc. The orc hits you with a +0 trident.
You die...

###########* #..@oo.....*
#)########.* #.# *,* #.#
*,* #.# *,* ##.#######*,*
###***#######........#*,#
..,,,,........<#####.##.#
.#****########.####)..#.#


You could see 2 orcs.

Vanquished Creatures
  An orc priest (D:3)
  3 adders (D:2)
  2 worms (D:2)
  2 dart slugs
  2 orcs (D:3)
  5 ball pythons
  6 endoplasms
  2 giant cockroaches (D:2)
  5 goblins
  8 hobgoblins
  4 kobolds
  A quokka (D:1)
  4 bats
  4 frilled lizards
  2 rats (D:1)
51 creatures vanquished.

Notes
Turn   | Place    | Note
-------+----------+-------------------------------------------
     0 | D:1      | jiml777 the Deep Elf Air Elementalist began the quest for
                  | the Orb.
     0 | D:1      | Reached XP level 1. HP: 10/10 MP: 6/6
   175 | D:1      | Reached XP level 2. HP: 15/15 MP: 2/8
   504 | D:1      | Found a faded altar of an unknown god.
   538 | D:1      | Prayed at the altar of an unknown god.
   538 | D:1      | Became a worshipper of Ignis, the Dying Flame
   802 | D:2      | Reached XP level 3. HP: 18/19 MP: 5/9
   865 | D:2      | Reached skill level 4 in Air Magic
  1327 | D:2      | Found the +7 Singing Sword {vorpal, sonic wave}
  1423 | D:2      | Found an opulent altar of Gozag.
  1437 | D:2      | Reached XP level 4. HP: 24/24 MP: 11/11
  1859 | D:3      | Found a shadowy altar of Dithmenos.
  2166 | D:3      | Reached skill level 1 in Long Blades
  2168 | D:3      | Slain by an orc

Illustrated notes

Levels and vault maps discovered:
D:1:      tarquinn_simple_flora_water_d, layout_rooms,
          shapermc_ecumenical_altar_pompeii
D:2:      layout_basic, basic_altar
D:3:      layout_loops_ring, nicolae_dithmenos_the_darkroom

Skill      XL: |  1  2  3  4 |
---------------+-------------+-----
Air Magic      | 4 |  4.1
Conjurations   | 2 |  2.2
Long Blades    | 1 |  1.1
Fighting       | |  0.6
Dodging        | |  2.8
Stealth        | |  2.7
Spellcasting   | |  3.7

Action                   |  1- 3 |  4- 6 || total
-------------------------+-------+-------++-------
Melee: Double sword      |     4 |    25 ||    29
 Cast: Shock             |    58 |     3 ||    61
  Use: Scroll            |       |     6 ||     6
       Potion            |       |     1 ||     1
 Stab: Sleeping          |       |     3 ||     3
Armor: Robe              |     6 |     6 ||    12
Dodge: Dodged            |    24 |    18 ||    42
